 Dungeon Crawl Stone Soup version 0.29-a0-275-g389c0b56f3 (webtiles) character file.

Game seed: 11021920323428926940

21 Ordine the Slasher (level 2, -3/18 HPs)
             Began as a Tengu Warper on Mar 9, 2022.
             Slain by a kobold
             ... wielding a +0 short sword
              (4 damage)
             ... on level 2 of the Dungeon.
             The game lasted 00:03:27 (1172 turns).

Ordine the Slasher (Tengu Warper)                   Turns: 1172, Time: 00:03:27

Health: -3/18      AC:  3    Str: 11    XL:     2   Next: 87%
Magic:  6/6        EV: 11    Int: 13    God:
Gold:   35         SH:  0    Dex: 13    Spells: 5/5 levels left

rFire   . . .      SeeInvis .   a - +0 falchion
rCold   . . .      Faith    .   (no shield)
rNeg    . . .      Spirit   .   b - +0 leather armour
rPois   .          Reflect  .   (helmet restricted)
rElec   .          Harm     .   (no cloak)
rCorr   .          Rampage  .   (no gloves)
Will    .....                   (boots unavailable)
Stlth   +.........              (no amulet)
HPRegen 0.06/turn               (no ring)
MPRegen 0.10/turn               (no ring)

@: no status effects
A: beak, talons 3
a: no special abilities


You were on level 2 of the Dungeon.
You visited 1 branch of the dungeon, and saw 2 of its levels.

You collected 35 gold pieces.

Inventory:

Hand Weapons
 a - a +0 falchion (weapon)
Missiles
 d - 7 boomerangs of dispersal
 l - 3 boomerangs
Armour
 b - a +0 leather armour (worn)
Scrolls
 c - a scroll of blinking
 f - a scroll of identify {unknown}
 g - 2 scrolls of enchant weapon {unknown}
 j - a scroll of noise {unknown}
 k - a scroll of fog {unknown}
Potions
 e - a potion of mutation {unknown}
 h - a potion of ambrosia {unknown}
 i - a potion of resistance {unknown}


   Skills:
 + Level 2.3 Fighting
 * Level 3.0 Long Blades
 + Level 1.5 Throwing
 - Level 1.1 Armour
 - Level 2.1 Dodging
 - Level 2.0 Spellcasting
 - Level 2.4 Translocations


You had 5 spell levels left.
You didn't know any spells.
Your spell library contained the following spells:

 Spells                   Type           Power      Damage    Failure   Level
 Blink                    Tloc           14%        N/A       19%         2
 Gell's Gravitas          Tloc           7%         N/A       36%         3
 Lesser Beckoning         Tloc           7%         N/A       36%         3
 Teleport Other           Tloc           7%         N/A       36%         3
 Corpse Rot               Necr/Air       2%         N/A       45%         2
 Dispel Undead            Necr           1%         3d6       97%         4
 Manifold Assault         Tloc           7%         N/A       98%         5
 Death Channel            Necr           0%         N/A       100%        6


Dungeon Overview and Level Annotations

Branches:
Dungeon (2/15)

Altars:


Innate Abilities, Weirdness & Mutations

You have a beak for a mouth.
You have claws for feet.


Message History

You feel sick. The adder closely misses you. The adder bites you.
You miss the adder.
The adder is severely wounded.
You feel sick. The adder bites you but does no damage.
You closely miss the adder. Your kick misses the adder.
The adder is severely wounded.
You feel sick.
You are no longer poisoned.
The adder bites you but does no damage. x2
You miss the adder.
The adder is severely wounded.
The adder closely misses you.
You hit the adder but do no damage. Your kick misses the adder.
The adder is severely wounded.
The adder barely misses you. The adder misses you.
You closely miss the adder. Your peck misses the adder.
The adder is severely wounded.
The adder barely misses you.
You barely miss the adder.
The adder is severely wounded.
The adder bites you but does no damage. The adder barely misses you.
You closely miss the adder. You claw the adder, but do no damage.
The adder is heavily wounded.
The adder bites you.
* * * LOW HITPOINT WARNING * * *
You hit the adder.
You kill the adder!
The kobold hits you with a +0 short sword.
* * * LOW HITPOINT WARNING * * *
Your Long Blades skill increases to level 3!
You closely miss the kobold.
The kobold hits you with a +0 short sword.
* * * LOW HITPOINT WARNING * * *
Okay, then.
You don't know any spells.
You don't know any spells.
Unknown command.
You closely miss the kobold. Your kick misses the kobold.
The kobold hits you with a +0 short sword.
You die...

# #.. ..#####
#.#..## .......
#.#.#.##......>
###......#.......
....#............
#.#...#.#..!....
#.##.........!..
#.###.#K#)......
#.# #.#@##.###.#
##.###.#.# .#
##..)##.#.. .
#.###...#### #.
#<# #...# .. #.#
#.#.# ##
.....##.# ##.##.
#.# #.##. #.#


You could see a kobold.

Vanquished Creatures
  An adder (D:2)
  3 bats (D:1)
  2 goblins
  A hobgoblin (D:1)
  A quokka (D:1)
  4 frilled lizards (D:1)
  A kobold (D:2)
  A rat (D:1)
14 creatures vanquished.

Notes
Turn   | Place    | Note
-------+----------+-------------------------------------------
     0 | D:1      | Ordine the Tengu Warper began the quest for the Orb.
     0 | D:1      | Reached XP level 1. HP: 12/12 MP: 4/4
   548 | D:1      | Reached XP level 2. HP: 14/17 MP: 6/6
   711 | D:1      | Found a faded altar of an unknown god.
  1171 | D:2      | Reached skill level 3 in Long Blades
  1172 | D:2      | Slain by a kobold

Illustrated notes

Levels and vault maps discovered:
D:1:      heliophobic_arrival_battle_scene, layout_basic,
          hellmonk_ecumenical_altar_arch_garden, glass_columns_a,
          supply_closet_lemuel
D:2:      minmay_general_purpose_star, layout_loops_cross, serial_shops,
          shop_statue

Skill      XL: |  1  2 |
---------------+-------+-----
Long Blades    | 3 |  3.0
Fighting       | |  2.3
Throwing       | |  1.5
Armour         | |  1.1
Dodging        | |  2.1
Spellcasting   | |  2.0
Translocations | |  2.4

Action                   || total
-------------------------++-------
Melee: Falchion          ||    45
       Kick              ||     5
       Peck              ||     2
Armor: Leather armour    ||    16
Dodge: Dodged            ||    30

Table legend: (Time is in decaauts)
 A = Elapsed time spent in this place.
 B = Non-inter-level travel time spent in this place.
 C = Inter-level travel time spent in this place.
 D = Time resting spent in this place.
 E = Time spent auto-exploring this place.
 F = Levels seen in this place.
 G = Mean time per level.
                   A        B        C        D        E       F      G
               +--------+--------+--------+--------+--------+-----+--------+
         Total |   1179 |   1120 |     59 |      0 |    990 |   2 |  589.5 |
       Dungeon |   1179 |   1120 |     59 |      0 |    990 |   2 |  589.5 |
               +--------+--------+--------+--------+--------+-----+--------+

Top non-repeatable levels by time:
     D:1: 1139 daAuts
     D:2: 40 daAuts
